 Dungeon Crawl Stone Soup version 0.31-a0-460-g9e667d4245 (webtiles) character file.

Game seed: 8973571975334567141

14 Newt the Ducker (level 2, -1/24 HPs)
             Began as a Merfolk Gladiator on Aug 4, 2023.
             Slain by a worm (7 damage)
             ... on level 2 of the Dungeon.
             The game lasted 00:00:33 (725 turns).

Newt the Ducker (Merfolk Gladiator)                  Turns: 725, Time: 00:00:33

Health: -1/24      AC:  4    Str: 14    XL:     2   Next: 45%
Magic:  2/2        EV: 13    Int:  7    God:
Gold:   82         SH:  0    Dex: 15    Spells: 1/1 levels left

rFire   . . .        a - +0 trident
rCold   . . .        (no shield)
rNeg    . . .        b - +0 leather armour
rPois   .            c - +0 helmet
rElec   .            (no cloak)
rCorr   .            (no gloves)
SInv    .            (no boots)
Will    .....        (no amulet)
Stlth   +            (no ring)
HPRegen 0.24/turn    (no ring)
MPRegen 0.08/turn

%: no passive effects
@: no status effects
A: (nimble swimmer 2), mertail
a: no special abilities


You were on level 2 of the Dungeon.
You visited 1 branch of the dungeon, and saw 2 of its levels.

You collected 82 gold pieces.

Inventory:

Hand Weapons
 a - a +0 trident (weapon)
Missiles
 d - 3 throwing nets (quivered)
 e - a javelin
 g - 5 poisoned darts
Armour
 b - a +0 leather armour (worn)
 c - a +0 helmet (worn)
Scrolls
 f - a scroll of teleportation {unknown}
 h - a scroll of amnesia {unknown}
 i - 2 scrolls of identify {unknown}


   Skills:
 + Level 3.3 Fighting
 - Level 4.0 Polearms
 - Level 2.0 Throwing
 - Level 4.0 Dodging


You had one spell level left.
You didn't know any spells.
Your spell library was empty.

Dungeon Overview and Level Annotations

Branches:
Dungeon (2/15)

Altars:


Innate Abilities, Weirdness & Mutations

((You are very nimble when in or above water. (Stealth+, EV+, Speed+++)))
Your lower body shifts to a powerful aquatic tail in water.


Message History

You kill the rat!
No target in view!
No target in view!
No target in view!
No target in view!
i - 2 scrolls labelled SENAFAGAYQ (gained 1)
A worm comes into view.
Okay, then.
The plant is in the way.
You hit the plant but do no damage. You hit the worm.
The worm is lightly wounded.
You hit the worm but do no damage.
The worm is lightly wounded.
The worm bites you!
You barely miss the worm.
The worm is lightly wounded.
The worm barely misses you.
You hit the worm.
The worm is moderately wounded.
You barely miss the worm.
The worm is moderately wounded.
The worm completely misses you.
You barely miss the worm.
The worm is lightly wounded.
The worm bites you!
You are too injured to fight recklessly!
You are too injured to fight recklessly!
You are too injured to fight recklessly!
You are too injured to fight recklessly!
You are too injured to fight recklessly!
You puncture the worm!
The worm is heavily wounded.
You hit the worm.
The worm is heavily wounded.
The worm bites you.
* * * LOW HITPOINT WARNING * * *
You barely miss the worm.
The worm is heavily wounded.
The worm bites you!
You die...

####........♣♣.P...
...........♣..PP#
###.P.....♣P..#
#...♣........####.
##P...P.....<....†.
#..♣♣♣PP.##########
#..♣♣♣...#
#.#P..♣♣♣..#
#..P@♣♣ ♣P##
##.wP.PP.##
########


You could see a worm.

Vanquished Creatures
  A dart slug (D:1)
  A ball python (D:1)
  2 endoplasms (D:1)
  A kobold (D:1)
  A quokka (D:1)
  2 bats (D:1)
  A frilled lizard (D:1)
  A goblin (D:1)
  2 rats
12 creatures vanquished.

Notes
Turn   | Place    | Note
-------+----------+-------------------------------------------
     0 | D:1      | Newt the Merfolk Gladiator began the quest for the Orb.
     0 | D:1      | Reached XP level 1. HP: 16/16 MP: 1/1
   260 | D:1      | Reached XP level 2. HP: 24/24 MP: 2/2
   725 | D:2      | Slain by a worm

Illustrated notes

Levels and vault maps discovered:
D:1:      dpeg_arrival_chambers_temple_mockup, layout_loops_ring, minivault_14
D:2:      layout_rooms, serial_forest, infiniplex_forest_end_2,
          infiniplex_forest_clump_large, infiniplex_forest_clump_long,
          infiniplex_forest_end_2, infiniplex_forest_end_double,
          infiniplex_forest_clump_medium, infiniplex_forest_clump_diagonal

Skill      XL: |  1 |
---------------+----+-----
Fighting       | 3 |  3.3
Polearms       | |  4.0
Throwing       | |  2.0
Dodging        | |  4.0

Action                     || total
---------------------------++-------
  Melee: Trident           ||    48
         Punch             ||     1
   Stab: Sleeping          ||     1
 Armour: Leather armour    ||    11
  Dodge: Dodged            ||    17

Table legend: (Time is in decaauts)
 A = Elapsed time spent in this place.
 B = Non-inter-level travel time spent in this place.
 C = Inter-level travel time spent in this place.
 D = Time resting spent in this place.
 E = Time spent auto-exploring this place.
 F = Levels seen in this place.
 G = Mean time per level.
                   A        B        C        D        E       F      G
               +--------+--------+--------+--------+--------+-----+--------+
         Total |    724 |    698 |     26 |      0 |    600 |   2 |  362.0 |
       Dungeon |    724 |    698 |     26 |      0 |    600 |   2 |  362.0 |
               +--------+--------+--------+--------+--------+-----+--------+

Top non-repeatable levels by time:
     D:1: 691 daAuts
     D:2: 32 daAuts
